 Dungeon Crawl Stone Soup version 0.30.0-10-gfe55d96785 (webtiles) character file.

Game seed: 2973587981937214360

186 Danienth the Grave Robber (level 5, -15/41 HPs)
             Began as a Hill Orc Necromancer on May 16, 2023.
             Was a Believer of Cheibriados.
             Demolished by an ogre
             ... wielding a +0 giant spiked club
              (30 damage)
             ... on level 4 of the Dungeon.
             The game lasted 00:20:06 (3266 turns).

Danienth the Grave Robber (Hill Orc Necromancer)    Turns: 3266, Time: 00:20:06

Health: -15/41     AC:  7    Str: 18      XL:     5   Next: 66%
Magic:  17/18      EV: 12    Int: 20      God:    Cheibriados [**....]
Gold:   189        SH:  0    Dex: 15 (16) Spells: 3/9 levels left

rFire   + . .        d - +1 club
rCold   . . .        (no shield)
rNeg    . . .        a - +1 robe
rPois   .            k - +1 helmet {SInv}
rElec   .            (no cloak)
rCorr   +            (no gloves)
SInv    +            o - +1 pair of boots
Will    .....        (no amulet)
Stlth   +            f - ring of magical power
HPRegen 0.26/turn    j - ring of Xom's Amusement {rF+ rCorr}
MPRegen 0.16/turn

%: no passive effects
@: confused, very slow
A: no striking features
a: Renounce Religion, Bend Time


You were on level 4 of the Dungeon.
You worshipped Cheibriados.
Cheibriados was pleased with you.
You visited 1 branch of the dungeon, and saw 4 of its levels.

You collected 189 gold pieces.

Inventory:

Hand Weapons
 d - a +1 club (weapon)
Missiles
 s - a boomerang
Armour
 a - a +1 robe (worn)
 k - a +1 helmet of see invisible (worn)
 o - a +1 pair of boots (worn)
Jewellery
 f - a ring of magical power (left hand)
 i - a ring of positive energy
 j - the ring of Xom's Amusement (right hand) {rF+ rCorr}
   (You found it on level 3 of the Dungeon)

   [ring of resist corrosion]

   rF:        It protects you from fire.
   rCorr:     It protects you from acid and corrosion.
 p - a ring of see invisible
Wands
 c - a wand of flame (35)
Scrolls
 g - a scroll of blinking
 m - a scroll of fear {unknown}
 n - a scroll of vulnerability {unknown}
 r - a scroll of immolation {unknown}
Potions
 b - 2 potions of curing
 e - a potion of haste
 h - a potion of attraction {unknown}
 l - 3 potions of lignification
 q - a potion of heal wounds {unknown}


   Skills:
 * Level 2.1 Fighting
 * Level 1.0 Maces & Flails
 + Level 1.6 Dodging
 + Level 1.6 Stealth
 * Level 2.9 Spellcasting
 * Level 5.2 Necromancy


You had 3 spell levels left.
You knew the following spells:

 Your Spells              Type           Power      Damage    Failure   Level
a - Necrotise             Necr           92%        1d8       1%          1
b - Sandblast             Erth           4%         2d4       14%         1
c - Shock                 Conj/Air       8%         1d3       14%         1
d - Vampiric Draining     Necr           23%        2d7       4%          3

Your spell library contained the following spells:

 Spells                   Type           Power      Damage    Failure   Level
 Passwall                 Tmut/Erth      1%         N/A       22%         2
 Stone Arrow              Conj/Erth      4%         3d7       41%         3
 Swiftness                Air            2%         N/A       41%         3
 Animate Dead             Necr           23%        N/A       17%         4
 Agony                    Necr           23%        N/A       43%         5
 Airstrike                Air            1%         2d(1-17)  82%         4


Dungeon Overview and Level Annotations

Branches:
Dungeon (4/15)
 Temple: D:4-7

Altars:
Cheibriados
Makhleb
Okawaru
Trog


Message History

You see here a +0 club.
You swap places.
Things that are here:
a +0 whip; a +0 leather armour Your goblin skeleton crumbles into dust!
An ogre comes into view. It is wielding a +0 giant spiked club.
Found a scroll of blinking and 7 gold pieces.
Aiming: Necrotise (safe; 1% risk of failure)
Press: ? - help, Q - select action, (/) - cycle Shift-Dir - straight line, f - ogre
Aim: an ogre, wielding a +0 giant spiked club (asleep, chance to affect: 81%)
The ogre shouts!
The ogre writhes in agony.
You hear a shout!
An orc wizard comes into view. It is wielding a +0 dagger.
Aiming: Necrotise (safe; 1% risk of failure)
Press: ? - help, Q - select action, (/) - cycle Shift-Dir - straight line, f/p - ogre
Aim: an ogre, wielding a +0 giant spiked club (lightly wounded, chance to affect: 81%)
The ogre writhes in agony.
The orc wizard shouts!
A hobgoblin comes into view.
The orc wizard points at you and mumbles some strange words.
You are confused.
You're too confused to cast spells.
You're too confused to cast spells.
You are too confused!
You are too confused!
You bump into the tree.
You bump into the tree.
The ogre hits you with a +0 giant spiked club!!
Ouch! That really hurt!
You bump into the tree.
You're too confused to cast spells.
You hit the ogre.
The ogre is heavily wounded.
The ogre misses you.
You closely miss the ogre.
The ogre is heavily wounded.
The ogre hits you with a +0 giant spiked club!!
Ouch! That really hurt!
You die...

♣♣..♣.♣♣.♣♣
♣♣.♣
♣..♣♣...♣♣
♣.♣♣
♣♣.♣♣♣♣♣♣♣
♣♣.♣ ♣♣..♣
♣.♣♣ ♣.♣♣♣
♣♣.♣ ♣.♣
♣.♣♣ ♣♣)♣ ♣
♣♣.♣ ♣.♣♣
♣.♣♣.♣♣ ♣.♣
♣gO@♣♣ ♣♣.♣
♣..o♣♣♣
♣♣.♣♣ ♣?..
♣).♣ ♣.$
♣>♣♣ ♣. ♣♣♣
♣


You could see an ogre, an orc wizard and a hobgoblin.

Vanquished Creatures
  2 hounds
  An orc wizard (D:3)
  4 adders (D:2)
  10 orcs
  3 bats
  3 endoplasms
  2 giant cockroaches
  7 goblins
  5 hobgoblins
  A quokka (D:2)
  3 ball pythons
  3 frilled lizards
  5 kobolds
  6 rats
55 creatures vanquished.

Vanquished Creatures (collateral kills)
  A dart slug (D:3)
1 creature vanquished.

Grand Total: 56 creatures vanquished

Notes
Turn   | Place    | Note
-------+----------+-------------------------------------------
     0 | D:1      | Danienth the Hill Orc Necromancer began the quest for the
                  | Orb.
     0 | D:1      | Reached XP level 1. HP: 14/14 MP: 3/3
     2 | D:1      | Noticed an elf
     4 | D:1      | Noticed an octopode
     4 | D:1      | Noticed a felid
     6 | D:1      | Noticed an armataur
     6 | D:1      | Noticed a demonspawn
     8 | D:1      | Noticed a draconian
     8 | D:1      | Noticed a naga
    10 | D:1      | Noticed a troll
    10 | D:1      | Noticed a demigod
    12 | D:1      | Noticed a vine stalker
    14 | D:1      | Noticed a merfolk
    16 | D:1      | Noticed a gargoyle
    16 | D:1      | Noticed an ogre
    18 | D:1      | Noticed a vampire
    18 | D:1      | Noticed a human
    20 | D:1      | Noticed a ghoul
    20 | D:1      | Noticed a formicid
    22 | D:1      | Noticed a minotaur
    22 | D:1      | Noticed a tengu
    24 | D:1      | Noticed a meteoran
    24 | D:1      | Noticed a meteoran
    26 | D:1      | Noticed a merfolk
    26 | D:1      | Noticed a felid
   285 | D:1      | Reached XP level 2. HP: 20/20 MP: 4/4
   596 | D:1      | Found a faded altar of an unknown god.
   600 | D:1      | Prayed at the altar of an unknown god.
   600 | D:1      | Became a worshipper of Cheibriados the Contemplative
   600 | D:1      | Reached * piety under Cheibriados
   757 | D:2      | Found an iron altar of Okawaru.
   851 | D:2      | Reached XP level 3. HP: 3/27 MP: 2/5
   851 | D:2      | HP: 2/40 [poisoned by an adder]
   856 | D:2      | HP: 1/40 [poisoned by an adder]
  1263 | D:2      | Learned a level 1 spell: Sandblast
  1361 | D:2      | Reached skill level 1 in Fighting
  1777 | D:3      | Reached XP level 4. HP: 35/35 MP: 6/6
  1808 | D:3      | Reached ** piety under Cheibriados
  1995 | D:3      | Reached skill level 5 in Necromancy
  1995 | D:3      | Reached XP level 5. HP: 17/41 MP: 8/8
  2254 | D:3      | Identified the ring of Xom's Amusement {rF+ rCorr}
  2264 | D:3      | Found a bloodstained altar of Trog.
  2265 | D:3      | Found a burning altar of Makhleb.
  2825 | D:3      | Learned a level 1 spell: Shock
  2829 | D:3      | Learned a level 3 spell: Vampiric Draining
  3168 | D:4      | Reached skill level 1 in Maces & Flails
  3257 | D:4      | Noticed an ogre
  3266 | D:4      | Demolished by an ogre

Illustrated notes

Levels and vault maps discovered:
D:1:      kb_arrival_jail, layout_basic, basic_ecumenical_altar
D:2:      layout_loops_ring, basic_altar, chequers_serial_rivers_micro_e,
          hangedman_decor_push, st_stairs_2
D:3:      layout_loops_ring, nicolae_overflow_squiral
D:4:      kb_forest_paths, layout_loops_corners,
          mainiacjoe_overflow_concentric_impassable,
          minmay_temple_entry_crystal_x, serial_shops, nicolae_shop_waterfront,
          st_stairs_3, uniq_crazy_yiuf_cottage

Skill      XL: |  1  2  3  4  5 |
---------------+----------------+-----
Fighting       | 1 2 |  2.1
Spellcasting   | 2 |  2.9
Necromancy     | 5 |  5.2
Maces & Flails | 1 |  1.0
Dodging        | |  1.6
Stealth        | |  1.6

Action                     |  1- 3 |  4- 6 || total
---------------------------+-------+-------++-------
  Melee: Club              |    46 |    26 ||    72
         Unarmed           |     3 |       ||     3
   Cast: Necrotise         |    36 |    78 ||   114
    Use: Potion            |     5 |       ||     5
         Scroll            |     1 |     6 ||     7
 Armour: Robe              |    27 |    21 ||    48
         Skin              |     1 |       ||     1
  Dodge: Dodged            |    49 |    40 ||    89
